 Dungeon Crawl Stone Soup version 0.20.0-15-g7f486f2 (webtiles) character file.

24888 TheBoneZone the Fighter (level 12, -4/105 HPs)
             Began as a Demonspawn Berserker on June 13, 2017.
             Was a High Priest of Trog.
             Slain by a spiny frog (13 damage)
             ... on level 1 of the Swamp.
             The game lasted 01:01:56 (11128 turns).

TheBoneZone the Fighter (Demonspawn Berserker)     Turns: 11128, Time: 01:01:57

Health: -4/105     AC: 22    Str: 18    XL:     12   Next: 84%
Magic:  12/12      EV: 11    Int: 14    God:    Trog [*****.]
Gold:   908        SH:  0    Dex: 15    Spells: 11/11 levels left

rFire    + . .     SeeInvis .   r - +5 broad axe (flame)
rCold    . . .     Gourm    .   (no shield)
rNeg     . . .     Faith    .   o - +2 plate armour
rPois    .         Spirit   .   a - +1 helmet
rElec    .         Reflect  .   (no cloak)
rCorr    .         Harm     .   k - +0 pair of gloves
MR       .....                  (boots unavailable)
Stlth    ..........             i - amulet of regeneration
Regen    0.7/turn               c - +3 ring of intelligence
MPRegen  0.2/turn               E - ring of protection from fire

@: lethally poisoned (-4 -> -33), about to teleport, berserk cooldown, slowed,
very slow
A: talons 3, rugged brown scales 2, powered by death 3
a: Berserk, Trog's Hand, Brothers in Arms, Burn Spellbooks, Renounce Religion


You were on level 1 of the Swamp.
You worshipped Trog.
Trog was extremely pleased with you.
You were not hungry.

You visited 3 branches of the dungeon, and saw 15 of its levels.
You also visited: Labyrinth.

You collected 908 gold pieces.

Inventory:

Hand Weapons
 j - a +2 antimagic short sword
 r - a +5 broad axe of flaming (weapon)
Armour
 a - a +1 helmet (worn)
 k - a +0 pair of gloves (worn)
 o - a +2 plate armour (worn)
 v - a +1 ring mail of poison resistance
 J - a +0 cloak
Jewellery
 c - a +3 ring of intelligence (left hand)
 f - an uncursed ring of positive energy
 i - an amulet of regeneration (around neck)
 l - an uncursed ring of resist corrosion
 E - a ring of protection from fire (right hand)
 Q - the ring "Zeng" {Dex+10 Stlth+, unknown}
   (You found it in a labyrinth)

   [ring of stealth]

   It affects your dexterity (+10).
   It makes you more stealthy.
Wands
 g - a wand of disintegration (16/24)
 s - a wand of flame (48/48)
 x - a wand of polymorph (13/24)
 z - a wand of iceblast (5/15)
 A - a wand of iceblast (9/15)
 F - a wand of flame (22/48)
 H - a wand of disintegration (13/24)
 N - a wand of iceblast (9/15)
 P - a wand of disintegration (0/24)
Scrolls
 e - 3 scrolls of blinking
 n - 8 scrolls of remove curse
 w - a scroll of identify
 y - a scroll of silence
 C - 2 scrolls of fog
 D - 2 scrolls of amnesia
 I - 7 scrolls of teleportation
 R - 2 scrolls of recharging
Potions
 b - a potion of might
 d - 2 potions of resistance
 h - 3 potions of curing
 q - 2 potions of brilliance
 u - a potion of agility
 B - a potion of magic
 G - a potion of mutation {unknown}
 K - 2 potions of heal wounds
 U - a potion of cancellation
Books
 m - a book of Callings

   Spells                             Type                      Level
   a - Summon Small Mammal            Summoning                    1
   b - Call Imp                       Summoning                    2
   c - Call Canine Familiar           Summoning                    3
   d - Summon Guardian Golem          Hexes/Summoning              3
   e - Summon Lightning Spire         Summoning/Air                4
   f - Summon Ice Beast               Ice/Summoning                4
   Trog disapproves of the use of such an item.
Miscellaneous
 L - a box of beasts
 S - a lightning rod (4/4)
 T - a phial of floods
Comestibles
 p - 6 meat rations
 t - 7 bread rations
 M - a royal jelly
 O - 3 fruits


   Skills:
 + Level 11.3 Fighting
 + Level 10.5 Axes
 + Level 10.1 Armour
 + Level 10.4 Dodging
 - Level 0.4 Stealth


You had 11 spell levels left.
You didn't know any spells.

Dungeon Overview and Level Annotations

Branches:
Dungeon (10/15)            Temple (0/1) D:5            Lair (4/6) D:10
  Swamp (1/4) Lair:4
  Snake: Lair:2-4    Spider: Lair:2-4       Orc: D:9-12

Altars:
Gozag
Nemelex Xobeh

Shops:
D:7 }


Innate Abilities, Weirdness & Mutations

You have claws for feet.
You are mostly covered in rugged brown scales. (AC +2, +5% HP)
You regenerate a lot of health from kills.


Message History

* * * LOW HITPOINT WARNING * * *
You feel very sick. The spiny frog stings you!
* * * LOW HITPOINT WARNING * * *
You are lethally poisoned!
The spiny frog poisons you! The spiny frog closely misses you.
The swamp dragon closely misses you. The swamp dragon claws you.
* * * LOW HITPOINT WARNING * * *
The swamp dragon closely misses you.
You feel much better.
You are engulfed in poison gas.
You are more poisoned.
* * * LOW HITPOINT WARNING * * *
x2 You feel very sick.
The spiny frog stings you but does no damage.
The swamp dragon bites you!
* * * LOW HITPOINT WARNING * * *
The swamp dragon claws you but does no damage.
The swamp dragon tramples you but does no damage.
The spiny frog stings you!
You die...

≈.≈..§♣≈..≈≈≈≈≈......♣♣≈.≈
.≈≈≈≈.♣♣...≈≈≈≈..≈...≈≈≈♣
≈.≈≈≈≈.♣♣≈..≈≈≈≈≈≈.≈≈≈.♣♣
♣.≈≈≈≈.♣♣≈♣≈.≈≈≈≈≈.≈≈≈.≈♣
♣≈...§≈.♣♣≈......≈≈≈..≈♣
♣..§≈†.♣..≈........≈≈≈
♣♣♣k†..§≈≈...≈.♣♣♣♣≈≈♣
♣≈.FD§♣..≈♣.♣♣♣ ♣♣♣
♣≈≈§@♣≈♣.≈≈≈.♣
♣♣.§♣§≈≈♣≈..≈♣
♣≈≈≈≈§≈≈♣..♣♣
♣♣♣≈≈≈≈≈≈≈.♣♣ ♣≈≈≈≈≈♣...♣♣
♣≈≈≈≈♣♣♣.≈.♣ ♣♣≈≈≈♣♣≈≈≈.♣
♣♣♣♣♣.....♣ ♣♣§♣.♣♣


You could see a swamp dragon, a spiny frog and a swamp drake.

Vanquished Creatures
  A minotaur (Lab)
  A hydra (Lair:2)
  Harold (Lair:1)
  Erica (Lair:2)
  4 two-headed ogres
  2 alligators (Swamp:1)
  An oklob plant (D:10)
  4 elephants (Lair:2)
  Maurice (D:8)
  4 gargoyles (Lab)
  2 black mambas (Lair:3)
  Joseph (D:7)
  5 spiny frogs
  A komodo dragon (Lair:2)
  2 ice devils (Lair:2)
  3 hippogriffs
  9 blink frogs
  A spriggan (D:9)
  A shadow (D:6)
  A redback (Lab)
  A wyvern (Lair:2)
  Eustachio (D:6)
  A fire elemental (Lair:3)
  Grum (D:8)
  A basilisk (Lair:3)
  13 yaks (Lair:2)
  Menkaure (D:5)
  Edmund (D:5)
  5 water moccasins
  Duvessa (D:6)
  7 porcupines
  2 orc warriors
  3 black bears
  A swamp drake (Swamp:1)
  10 wolves
  5 ogres
  3 centaurs
  7 crocodiles
  2 gnoll sergeants
  14 bullfrogs
  Dowan (D:6)
  4 scorpions
  A howler monkey (D:6)
  A lava snake (Lair:3)
  A crimson imp (D:9)
  2 bullfrog zombies (D:9)
  4 hounds
  A jelly (D:9)
  8 orc wizards
  6 orc priests
  A centaur skeleton (D:9)
  A bullfrog skeleton (D:5)
  A gnoll shaman (D:8)
  Natasha (thrice) (D:4)
  5 iguanas
  5 worker ants
  2 hound zombies
  2 ogre skeletons (Lab)
  11 gnolls
  8 adders
  3 shadow imps
  2 oozes
  3 dart slugs
  2 leopard geckos
  33 orcs
  4 bats
  7 giant cockroaches
  5 goblins
  3 hobgoblins
  7 jackals
  6 kobolds
  7 quokkas
  2 ball pythons (D:1)
  8 frilled lizards
  A jackal zombie (D:8)
  A leopard gecko skeleton (D:4)
  A quokka zombie (D:5)
  8 rats
  10 plants
307 creatures vanquished.

Vanquished Creatures (others)
  A fungus (Lair:1)
  A plant (Lair:1)
2 creatures vanquished.

Grand Total: 309 creatures vanquished

Notes
Turn   | Place    | Note
-------+----------+-------------------------------------------
     0 | D:1      | TheBoneZone the Demonspawn Berserker began the quest for the Orb.
     0 | D:1      | Reached XP level 1. HP: 18/18 MP: 1/1
    94 | D:1      | Gained mutation: You have sharp toenails. [demonic ancestry]
    94 | D:1      | Reached XP level 2. HP: 18/24 MP: 2/2
   335 | D:1      | Found a sparkling altar of Nemelex Xobeh.
   586 | D:2      | Gained mutation: You have razor-sharp toenails. [demonic ancestry]
   586 | D:2      | Reached XP level 3. HP: 18/29 MP: 3/3
   791 | D:2      | Reached ** piety under Trog
  1583 | D:3      | Gained mutation: You regenerate a little health from kills. [demonic ancestry]
  1583 | D:3      | Reached XP level 4. HP: 35/35 MP: 4/4
  2127 | D:4      | Gained mutation: You regenerate health from kills. [demonic ancestry]
  2127 | D:4      | Reached XP level 5. HP: 38/42 MP: 5/5
  2420 | D:4      | Reached skill level 4 in Fighting
  2420 | D:4      | Reached XP level 6. HP: 43/48 MP: 6/6
  2646 | D:4      | Noticed Natasha
  2657 | D:4      | Killed Natasha
  2700 | D:4      | Noticed Natasha
  2707 | D:4      | Killed Natasha
  2787 | D:4      | Noticed Natasha
  2793 | D:4      | Killed Natasha
  2975 | D:5      | Entered Level 5 of the Dungeon
  2978 | D:5      | Noticed Menkaure
  2980 | D:5      | Killed Menkaure
  2980 | D:5      | Reached XP level 7. HP: 55/55 MP: 7/7
  3004 | D:5      | Noticed Edmund
  3031 | D:5      | Killed Edmund
  3052 | D:5      | Reached *** piety under Trog
  3450 | D:5      | Reached skill level 5 in Fighting
  3450 | D:5      | Reached skill level 5 in Axes
  3549 | D:5      | Found a staircase to the Ecumenical Temple.
  3903 | D:6      | Gained mutation: You have claws for feet. [demonic ancestry]
  3903 | D:6      | Reached XP level 8. HP: 63/63 MP: 8/8
  4200 | D:6      | Noticed Duvessa
  4200 | D:6      | Noticed Dowan
  4205 | D:6      | Killed Duvessa
  4206 | D:6      | Killed Dowan
  4206 | D:6      | Reached skill level 5 in Dodging
  4238 | D:6      | Noticed Eustachio
  4254 | D:6      | Killed Eustachio
  4254 | D:6      | Reached skill level 6 in Fighting
  4254 | D:6      | Reached skill level 5 in Armour
  4612 | D:7      | Reached **** piety under Trog
  4633 | D:7      | Gained mutation: You are partially covered in rugged brown scales. (AC +1, +3% HP) [demonic ancestry]
  4633 | D:7      | Reached XP level 9. HP: 33/72 MP: 9/9
  4835 | D:7      | Noticed Joseph
  4866 | D:7      | Killed Joseph
  4885 | D:7      | Found Puuvvat's Gadget Shop.
  5068 | D:7      | Reached skill level 7 in Fighting
  5363 | D:8      | Noticed Maurice
  5552 | D:8      | Noticed a two-headed ogre
  5562 | D:8      | Killed a two-headed ogre
  5562 | D:8      | Reached XP level 10. HP: 77/82 MP: 6/10
  5668 | D:8      | Noticed Grum
  5691 | D:8      | Killed Grum
  5756 | D:8      | Noticed a two-headed ogre
  5764 | D:8      | Killed a two-headed ogre
  5764 | D:8      | Reached skill level 8 in Fighting
  5767 | D:8      | Killed Maurice
  6236 | D:9      | Reached ***** piety under Trog
  6310 | D:9      | Noticed a two-headed ogre
  6321 | D:9      | Killed a two-headed ogre
  7162 | D:10     | Entered Level 10 of the Dungeon
  7162 | D:10     | Found an opulent altar of Gozag.
  7212 | D:10     | Reached skill level 9 in Fighting
  7226 | D:10     | Noticed a two-headed ogre
  7235 | D:10     | Killed a two-headed ogre
  7235 | D:10     | Gained mutation: You are mostly covered in rugged brown scales. (AC +2, +5% HP) [demonic ancestry]
  7235 | D:10     | Reached XP level 11. HP: 82/93 MP: 9/11
  7270 | D:10     | Found a staircase to the Lair.
  7270 | D:10     | Noticed an oklob plant
  7295 | D:10     | Killed an oklob plant
  7511 | Lair:1   | Entered Level 1 of the Lair of Beasts
  7731 | Lair:1   | Noticed Harold
  7748 | Lair:1   | Killed Harold
  8052 | Lair:1   | Received a gift from Trog
  8589 | Lair:2   | Found a labyrinth entrance.
  8621 | Lair:2   | Reached skill level 10 in Fighting
  8638 | Lair:2   | Noticed Erica
  8649 | Lair:2   | Killed Erica
  8737 | Lair:2   | Noticed a five-headed hydra
  8742 | Lair:2   | Killed a two-headed hydra
  8829 | Lair:2   | Gained mutation: You regenerate a lot of health from kills. [demonic ancestry]
  8829 | Lair:2   | Reached XP level 12. HP: 58/101 MP: 12/12
  8886 | Lab      | Entered a labyrinth
  9159 | Lab      | Noticed a minotaur
  9166 | Lab      | Killed a minotaur
  9168 | Lab      | Got a brightly glowing lapis lazuli ring
  9616 | Lair:2   | Reached skill level 10 in Axes
  9846 | Lair:2   | Reached skill level 10 in Dodging
 10398 | Lair:3   | Received a gift from Trog
 10488 | Lair:3   | Reached skill level 11 in Fighting
 10698 | Lair:3   | Reached skill level 10 in Armour
 10977 | Lair:4   | Found a staircase to the Swamp.
 11018 | Swamp:1  | Entered Level 1 of the Swamp
 11100 | Swamp:1  | Noticed an alligator
 11109 | Swamp:1  | Killed an alligator
 11110 | Swamp:1  | Noticed an alligator
 11123 | Swamp:1  | Killed an alligator
 11128 | Swamp:1  | Slain by a spiny frog

Skill      XL: |  1  2  3  4  5  6  7  8  9 10 11 12 |
---------------+-------------------------------------+-----
Axes           | 3 4 5 6 7 8 9 10 | 10.5
Armour         | 2 3 4 5 6 7 9 10 | 10.1
Dodging        | 2 3 4 5 7 8 9 10 | 10.4
Fighting       | 4 5 6 7 9 10 11 | 11.3
Stealth        | |  0.4

Action                   |  1- 3 |  4- 6 |  7- 9 | 10-12 || total
-------------------------+-------+-------+-------+-------++-------
Melee: Hand axe          |   108 |     7 |       |       ||   115
       Kick              |    26 |    18 |    82 |   154 ||   280
       Broad axe         |       |    65 |   283 |   487 ||   835
Invok: Berserk           |     3 |     3 |    11 |    11 ||    28
       Trog's Hand       |       |       |     1 |     1 ||     2
       Burn Spellbooks   |       |       |       |     4 ||     4
Evoke: Wand              |       |       |       |     2 ||     2
  Use: Potion            |     4 |       |     9 |     3 ||    16
       Scroll            |     4 |     8 |     4 |    18 ||    34
 Stab: Sleeping          |     3 |       |       |       ||     3
  Eat: Meat ration       |     1 |     1 |     4 |     1 ||     7
       Bread ration      |     1 |       |       |     2 ||     3
       Chunk             |       |       |       |     5 ||     5
       Fruit             |       |       |       |     6 ||     6
       Royal jelly       |       |       |       |     2 ||     2
Armor: Animal skin       |    30 |       |       |       ||    30
       Plate armour      |     7 |    58 |   238 |   340 ||   643
Dodge: Dodged            |    81 |    22 |   124 |   284 ||   511
